 Dungeon Crawl Stone Soup version 0.19-a0-1682-g5114f93 (webtiles) character file.

5043 aronpayne the Blocker (level 10, -10/80 HPs)
             Began as a Formicid Fighter on Sept 22, 2016.
             Was a Follower of Qazlal.
             Mangled by a komodo dragon (12 damage)
             ... on level 8 of the Dungeon on Sept 24, 2016.
             The game lasted 00:38:50 (7353 turns).

aronpayne the Blocker (Formicid Fighter)            Turns: 7353, Time: 00:38:51

Health: -10/80     AC: 21    Str: 23    XL:     10   Next: 85%
Magic:  15/15      EV: 11    Int:  9    God:    Qazlal [*.....]
Gold:   377        SH: 13    Dex: 10    Spells: 0 memorised, 16 levels left

rFire  + . .     SeeInvis +     a - +0 war axe
rCold  x . .     Gourm    +     o - +0 chain mail
rNeg   . . .     Faith    .     c - +0 shield
rPois  +         Spirit   .     (helmet unavailable)
rElec  .         Dismiss  .     x - +0 cloak
rCorr  .         Reflect  .     r - +0 pair of gloves
MR     +....     Harm     .     z - +2 pair of boots
Stlth  ..........               d - amulet of the gourmand
                                b - +4 ring of protection
                                i - ring of fire

@: no status effects
A: permanent stasis, dig shafts and tunnels, four strong arms, antennae 3,
poison resistance, sturdy frame 2
a: Dig, Shaft Self, Renounce Religion


You were on level 8 of the Dungeon.
You worshipped Qazlal.
Qazlal was aware of your devotion.
You were very full.

You visited 3 branches of the dungeon, and saw 10 of its levels.

You collected 377 gold pieces.

Inventory:

Hand Weapons
 a - a +0 war axe (weapon)
 B - a +1 hand axe of flaming
Armour
 c - a +0 shield (worn)
 o - a +0 chain mail (worn)
 r - a +0 pair of gloves (worn)
 x - a +0 cloak (worn)
 z - a +2 pair of boots (worn)
Jewellery
 b - a +4 ring of protection (right hand)
 d - an amulet of the gourmand (around neck)
 i - a ring of fire (left hand)
 t - an uncursed amulet of guardian spirit
Wands
 j - a wand of digging (7/24)
 l - a wand of enslavement (0/24)
 C - a wand of hasting (6/9)
Scrolls
 g - 4 scrolls of amnesia
 y - 2 scrolls of remove curse
Potions
 u - 2 potions of curing
 v - a potion of cure mutation
Books
 e - a Necronomicon

   Spells                             Type                      Level
   a - Haunt                          Necromancy/Summoning         7
   b - Borgnjor's Revivification      Necromancy                   8
   c - Death's Door                   Charms/Necromancy            8
   d - Infestation                    Necromancy                   8
   e - Necromutation                  Transmutation/Necromancy     8
 A - a book of Clouds

   Spells                             Type                      Level
   a - Mephitic Cloud                 Conjuration/Poison/Air       3
   b - Conjure Flame                  Conjuration/Fire             3
   c - Poisonous Cloud                Conjuration/Poison/Air       6
   d - Freezing Cloud                 Conjuration/Ice/Air          6
   e - Ring of Flames                 Charms/Fire                  7
Comestibles
 f - 6 bread rations
 h - 4 meat rations
 k - 4 slices of pizza
 m - 2 chunks of flesh


   Skills:
 + Level 7.8 Fighting
 + Level 6.8 Axes
 + Level 7.6 Armour
 + Level 5.5 Dodging
 + Level 8.2 Shields
 - Level 3.8 Spellcasting
 + Level 4.6 Invocations


You had 16 spell levels left.
You didn't know any spells.

Dungeon Overview and Level Annotations

Branches:
Dungeon (8/15)             Temple (1/1) D:6            Lair (1/6) D:8

Altars:
Ashenzari
Cheibriados
Dithmenos
Elyvilon
Fedhas
Gozag
Hepliaklqana
Kikubaaqudgha
Makhleb
Nemelex Xobeh
Okawaru
Qazlal
Ru
Sif Muna
Trog
Uskayaw
Vehumet
Xom
Yredelemnul
Zin
The Shining One


Innate Abilities, Weirdness & Mutations

You are under a permanent stasis effect.
You can dig through walls and to a lower floor.
Your four strong arms can wield two-handed weapons with a shield.
You have a pair of large antennae on your head. (SInv)
Your system is resistant to poisons. (rPois)
Your movements are less encumbered by armour. (ER -4)


Message History

You block the komodo dragon's attack.
Unknown command.
You closely miss the komodo dragon.
The komodo dragon is moderately wounded.
You hit the fungus but do no damage. You hit the plant.
You hit the plant but do no damage. You slash the plant!
You hit the plant but do no damage.
The plant is engulfed in freezing vapours.
You block the komodo dragon's attack.
As you read the scroll of fog, it crumbles to dust.
The scroll dissolves into smoke.
The plant is engulfed in freezing vapours.
The komodo dragon bites you!
* * * LOW HITPOINT WARNING * * *
Unknown command.
You slash the komodo dragon!
The komodo dragon is heavily wounded.
You hit the plant.
You hit the plant but do no damage. x2; You hit the plant.
You hit the fungus. The komodo dragon bites you!
You die...

#≈≈≈§≈#≈.# #.......###.#.#
##§§..≈#≈.# #####.### #....
#§§§§.≈#≈.# #.# #....
##§§_..'..##### ###.#####....
#§≈§..§#§.....#######.........#.#
##≈.§.§#≈#...#.......#..#######.#
#≈≈§≈≈#≈#.....#§§.#....# #.#
##⌠#§##≈##...##PPP##...# #.#
#####≈≈##.#.§P@P.P..#.# #.#
###########.#..P§lSP..#.# #.#
......# #.#..PPP.P..#.# #.#
#####.#####...##.P.##...# #.#
#####.#........#...#....# #####.#
#............#.......#..###......
..###.#...#...#######...#...^.#..
......##.###### #.###.###........
########.# #.##.............


You could see a komodo dragon and a black mamba.

Vanquished Creatures
  Joseph (D:7)
  Prince Ribbit (D:6)
  Sigmund (D:6)
  A wyvern (D:8)
  3 yaks (D:8)
  Eustachio (D:6)
  A water moccasin (Lair:1)
  2 porcupines (Lair:1)
  Duvessa (D:5)
  2 sky beasts (D:8)
  2 ice beasts (D:8)
  4 ogres
  2 phantoms
  4 wolves (Lair:1)
  A centaur (D:5)
  Blork the orc (D:5)
  5 bullfrogs
  Dowan (D:5)
  2 water moccasin zombies
  A wyvern skeleton (D:7)
  A water moccasin skeleton (D:4)
  2 howler monkeys
  2 bullfrog zombies (D:5)
  3 crimson imps
  A centaur zombie (D:5)
  2 centaur skeletons
  3 hounds
  An orc priest (D:7)
  2 jellies
  4 bullfrog skeletons (D:5)
  A gnoll shaman (D:6)
  An iguana (Lair:1)
  6 orc wizards
  7 worker ants
  A hound zombie (D:5)
  2 worker ant zombies (D:5)
  A howler monkey zombie (D:8)
  7 adders
  4 gnolls (D:6)
  A shadow imp (D:7)
  An ooze (D:6)
  2 adder skeletons
  An adder zombie (D:5)
  2 worms
  A dart slug (D:1)
  15 orcs
  2 ball pythons
  9 bats
  6 giant cockroaches
  11 goblins
  11 hobgoblins
  2 jackals (D:2)
  18 kobolds
  3 quokkas
  3 frilled lizards
  2 jackal skeletons
  A leopard gecko zombie (D:5)
  A quokka skeleton (D:4)
  A quokka zombie (D:5)
  9 rats
  9 fungi
  3 plants (D:2)
202 creatures vanquished.

Vanquished Creatures (others)
  A fungus (D:8)
1 creature vanquished.

Grand Total: 203 creatures vanquished

Notes
Turn   | Place    | Note
-------+----------+-------------------------------------------
     0 | D:1      | aronpayne the Formicid Fighter began the quest for the Orb.
     0 | D:1      | Reached XP level 1. HP: 18/18 MP: 1/1
    39 | D:1      | Reached XP level 2. HP: 22/24 MP: 2/2
   240 | D:1      | Reached XP level 3. HP: 24/29 MP: 3/3
   509 | D:2      | Reached XP level 4. HP: 37/37 MP: 4/4
   518 | D:2      | Reached skill level 1 in Dodging
   752 | D:2      | Found a blossoming altar of Fedhas.
   834 | D:2      | Reached skill level 4 in Shields
  1080 | D:2      | Found a burning altar of Makhleb.
  1088 | D:2      | Reached XP level 5. HP: 36/42 MP: 5/5
  1322 | D:3      | Reached skill level 1 in Spellcasting
  1615 | D:3      | Upgraded the game from 0.19-a0-1672-g679cadd to 0.19-a0-1676-g39ae8cc
  2117 | D:4      | Noticed a phantom
  2127 | D:4      | Killed a phantom
  2127 | D:4      | Reached XP level 6. HP: 38/49 MP: 7/7
  2431 | D:4      | Noticed an ogre
  2439 | D:4      | Killed an ogre
  2439 | D:4      | Reached skill level 5 in Shields
  2439 | D:4      | Reached XP level 7. HP: 38/55 MP: 9/9
  2543 | D:4      | Found a hazy altar of Hepliaklqana.
  2989 | D:5      | Entered Level 5 of the Dungeon
  3056 | D:5      | Reached skill level 5 in Fighting
  3056 | D:5      | Reached skill level 5 in Armour
  3056 | D:5      | Reached XP level 8. HP: 45/62 MP: 11/11
  3075 | D:5      | Noticed Blork the orc
  3093 | D:5      | Killed Blork the orc
  3430 | D:5      | Found a shattered altar of Ashenzari.
  3488 | D:5      | Found a shattered altar of Ashenzari.
  3489 | D:5      | Found a basalt altar of Yredelemnul.
  3650 | D:5      | Noticed Duvessa
  3651 | D:5      | Noticed Dowan
  3663 | D:5      | Killed Duvessa
  3672 | D:5      | Killed Dowan
  3830 | D:6      | Reached skill level 6 in Shields
  3837 | D:6      | Noticed Sigmund
  3851 | D:6      | Killed Sigmund
  3851 | D:6      | Reached XP level 9. HP: 68/69 MP: 12/14
  3988 | D:6      | Noticed Prince Ribbit
  3998 | D:6      | Reached skill level 5 in Axes
  4091 | D:6      | Killed Prince Ribbit
  4105 | D:6      | Noticed Eustachio
  4494 | D:6      | Killed Eustachio
  4515 | D:6      | Found a staircase to the Ecumenical Temple.
  4522 | Temple   | Entered the Ecumenical Temple
  4629 | Temple   | Became a worshipper of Qazlal Stormbringer
  5216 | D:7      | Reached skill level 1 in Invocations
  5384 | D:7      | Found an iron altar of Okawaru.
  5489 | D:7      | Noticed Joseph
  5513 | D:7      | Killed Joseph
  5513 | D:7      | Reached skill level 7 in Shields
  5731 | D:7      | Reached XP level 10. HP: 52/77 MP: 15/15
  5810 | D:7      | Found a shimmering altar of Xom.
  5908 | D:7      | Upgraded the game from 0.19-a0-1676-g39ae8cc to 0.19-a0-1682-g5114f93
  5928 | D:7      | Reached * piety under Qazlal
  6183 | D:8      | Reached skill level 5 in Dodging
  6271 | D:8      | Found a staircase to the Lair.
  6283 | D:8      | Gained mutation: Your movements are slightly less encumbered by armour. (ER -2) [potion of beneficial mutation]
  6285 | D:8      | Found a bloodstained altar of Trog.
  6652 | D:8      | Gained mutation: Your movements are less encumbered by armour. (ER -4) [mutagenic meat]
  6658 | D:8      | Gained mutation: Your system is resistant to poisons. (rPois) [mutagenic meat]
  6712 | D:8      | Found a shadowy altar of Dithmenos.
  6847 | D:8      | Reached skill level 8 in Shields
  7194 | Lair:1   | Entered Level 1 of the Lair of Beasts
  7282 | Lair:1   | Noticed a komodo dragon
  7306 | Lair:1   | Noticed a black mamba
  7352 | D:8      | HP: 2/80 [komodo dragon (12)]
  7353 | D:8      | Mangled by a komodo dragon

Vault maps used:
D:1:      minmay_arrival_solitary_statue
D:2:      fedhas_altar_3, makhleb_heckhound_becter, first_bread
D:3:      minmay_misc_feat_encased
D:4:      lemuel_doored_altar, minmay_fountain_box, nrook_mini_backslash,
          lemuel_old_faithful
D:5:      gammafunk_temple_overflow_pools, serial_undead, serial_undead_f,
          serial_undead_d, serial_undead_e, serial_undead_e,
          nicolae_ashenzari_panopticon, uniq_blork_the_orc, uniq_duvessa
D:6:      uniq_prince_ribbit1, uniq_sigmund, uniq_eustachio
D:7:      okawaru_altar_gauntlet_db, marbit_many_paths, st_stairs_1,
          minmay_door_square, hangedman_decor_lopped, uniq_joseph
D:8:      lightli_temple_of_fire, dpeg_oklobed_lair, basic_altar
Temple:   dshaligram_water_room_temple
Lair:1:   infiniplex_staircase_pool_2, grunt_megastairs_3

Skill      XL: |  1  2  3  4  5  6  7  8  9 10 |
---------------+-------------------------------+-----
Dodging        | 1 2 3 4 5 |  5.5
Fighting       | 4 5 6 7 |  7.8
Shields        | 4 5 6 7 8 |  8.2
Armour         | 4 5 6 7 |  7.6
Spellcasting   | 1 2 3 |  3.8
Axes           | 3 4 5 6 |  6.8
Invocations    | 2 4 |  4.6

Action                   |  1- 3 |  4- 6 |  7- 9 | 10-12 || total
-------------------------+-------+-------+-------+-------++-------
Melee: War axe           |    78 |   245 |   373 |   191 ||   887
Evoke: Wand              |       |       |       |     2 ||     2
  Use: Potion            |     1 |     7 |     7 |     3 ||    18
       Scroll            |       |       |     2 |    12 ||    14
  Eat: Chunk             |       |     6 |    19 |     7 ||    32
       Beef jerky        |       |       |     1 |       ||     1
Armor: Scale mail        |    49 |    51 |       |       ||   100
       Chain mail        |       |    30 |   201 |    86 ||   317
Dodge: Dodged            |    25 |    62 |   141 |    73 ||   301
Block: Shield            |    54 |    98 |   235 |   139 ||   526
